 Dungeon Crawl Stone Soup version 0.28.0-45-g0d030f2227 (webtiles) character file.

Game seed: 12142525154843915003

1401 Iusername the Covered (level 8, -11/70 HPs)
             Began as a Minotaur Fighter on Apr 5, 2022.
             Mangled by an ogre
             ... wielding a +0 giant club
              (21 damage)
             ... on level 5 of the Dungeon.
             The game lasted 00:14:17 (7747 turns).

Iusername the Covered (Minotaur Fighter)            Turns: 7747, Time: 00:14:18

Health: -11/70     AC:  9    Str: 23    XL:     8   Next: 41%
Magic:  7/7        EV: 10    Int:  5    God:
Gold:   176        SH:  5    Dex: 10    Spells: 7/7 levels left

rFire   . . .      SeeInvis .   e - +3 short sword
rCold   . . .      Faith    .   c - +0 buckler
rNeg    . . .      Spirit   .   b - +0 scale mail
rPois   .          Reflect  .   (helmet restricted)
rElec   .          Harm     .   k - +0 cloak
rCorr   .          Rampage  .   (no gloves)
Will    +....                   (no boots)
Stlth   ..........              (no amulet)
HPRegen 0.21/turn               l - ring of willpower
MPRegen 0.10/turn               (no ring)

@: no status effects
A: horns 2, retaliatory headbutt
a: no special abilities


You were on level 5 of the Dungeon.
You visited 1 branch of the dungeon, and saw 5 of its levels.

You collected 176 gold pieces.

Inventory:

Hand Weapons
 a - a +0 long sword
 e - a +3 short sword (weapon)
 s - a +0 flail of holy wrath
Missiles
 j - 3 poisoned darts
Armour
 b - a +0 scale mail (worn)
 c - a +0 buckler (worn)
 k - a +0 cloak (worn)
Magical Staves
 t - a staff of fire
Jewellery
 l - a ring of willpower (left hand)
Wands
 i - a wand of mindburst (8) (quivered)
 o - a wand of iceblast (7)
Scrolls
 g - 2 scrolls of noise
 n - 2 scrolls of teleportation
 p - a scroll of vulnerability {unknown}
 q - a scroll of immolation {unknown}
Potions
 f - a potion of mutation {unknown}
 m - 2 potions of brilliance
 r - a potion of degeneration {unknown}


   Skills:
 + Level 6.0 Fighting
 + Level 6.4(6.7) Short Blades
 + Level 3.2(5.5) Long Blades
 + Level 7.7 Armour
 + Level 2.2 Dodging
 + Level 1.1 Stealth
 + Level 5.4 Shields


You had 7 spell levels left.
You didn't know any spells.
Your spell library was empty.

Dungeon Overview and Level Annotations

Branches:
Dungeon (5/15)
 Temple: D:4-7

Altars:

Annotations:
D:5 Dowan, Duvessa


Innate Abilities, Weirdness & Mutations

You have a pair of horns on your head.
You reflexively headbutt those who attack you in melee.


Message History

Duvessa is moderately wounded.
The orc barely misses you. The orc hits you but does no damage.
You barely miss the orc.
The orc is moderately wounded.
Duvessa hits you with a +0 rapier. The orc closely misses you.
The orc hits you with a +0 club.
You hit the orc.
The orc is almost dead.
You block the orc's attack. Duvessa hits you with a +0 rapier.
* * * LOW HITPOINT WARNING * * *
The orc closely misses you.
Okay, then.
As you read the scroll of teleportation, it crumbles to dust.
You feel strangely unstable. You block the orc's attack. x2
You block Duvessa's attack. The orc closely misses you.
You furiously retaliate!
You headbutt the orc.
Dowan points at Duvessa and mumbles some strange words.
Duvessa seems to speed up.
You block the orc's attack. Duvessa barely misses you. You furiously retaliate!
You headbutt Duvessa, but do no damage. The orc hits you but does no damage.
Duvessa hits you with a +0 rapier!
* * * LOW HITPOINT WARNING * * *
Your surroundings suddenly seem different.
An ogre and a phantom come into view.
Found a scroll of identify and 7 gold pieces.
Found an escape hatch in the ceiling.
The ogre shouts!
A howler monkey zombie comes into view.
You feel better.
You feel better.
You are too injured to fight recklessly!
You hit the ogre. You headbutt the ogre.
The ogre is moderately wounded.
The ogre hits you with a +0 giant club!!
* * * LOW HITPOINT WARNING * * *
You hit the ogre. You headbutt the ogre!
The ogre is severely wounded.
The ogre hits you with a +0 giant club!!
You die...

#...........
#...........
#..<$.......
#...........
#...........
#...........
#...W.......
#...@OZ.....
.........?......
...##...........
. ############


You could see a phantom, an ogre and a howler monkey zombie.

Vanquished Creatures
  Sigmund (D:4)
  Edmund (D:4)
  A water moccasin (D:5)
  A necrophage (D:5)
  An ogre (D:4)
  2 phantoms
  3 scorpions
  A bullfrog zombie (D:5)
  A gnoll shaman (D:4)
  2 orc priests (D:4)
  A hound (D:4)
  Ijyb (D:3)
  2 orc wizards
  A hound skeleton (D:4)
  4 gnolls (D:4)
  13 adders
  An adder skeleton (D:4)
  5 worms
  4 dart slugs
  14 orcs
  6 bats
  9 endoplasms
  4 giant cockroaches
  8 goblins
  5 hobgoblins
  5 quokkas
  3 ball pythons (D:1)
  4 frilled lizards
  6 kobolds
  7 rats
117 creatures vanquished.

Vanquished Creatures (others)
  A hobgoblin (D:2)
1 creature vanquished.

Grand Total: 118 creatures vanquished

Notes
Turn   | Place    | Note
-------+----------+-------------------------------------------
     0 | D:1      | Iusername the Minotaur Fighter began the quest for the Orb.
     0 | D:1      | Reached XP level 1. HP: 19/19 MP: 0/0
   191 | D:1      | Reached XP level 2. HP: 27/27 MP: 1/1
   210 | D:1      | Reached skill level 4 in Armour
   690 | D:2      | Reached XP level 3. HP: 31/33 MP: 2/2
  1087 | D:2      | Reached skill level 1 in Short Blades
  1608 | D:2      | Reached XP level 4. HP: 40/40 MP: 3/3
  1708 | D:2      | Reached skill level 1 in Dodging
  2642 | D:3      | Reached XP level 5. HP: 25/46 MP: 4/4
  3039 | D:3      | Reached skill level 5 in Armour
  3039 | D:3      | Reached XP level 6. HP: 38/53 MP: 5/5
  3208 | D:3      | Noticed Ijyb
  3227 | D:3      | Killed Ijyb
  4387 | D:4      | Noticed Edmund
  4406 | D:4      | Killed Edmund
  4407 | D:4      | Reached skill level 6 in Armour
  4623 | D:4      | Reached XP level 7. HP: 52/60 MP: 6/6
  4994 | D:4      | Reached skill level 5 in Shields
  5002 | D:4      | Reached skill level 5 in Fighting
  5006 | D:4      | Reached skill level 5 in Short Blades
  5438 | D:4      | Noticed Sigmund
  5452 | D:4      | Killed Sigmund
  5453 | D:4      | Reached skill level 7 in Armour
  6010 | D:4      | Reached XP level 8. HP: 27/69 MP: 7/7
  6611 | D:5      | Entered Level 5 of the Dungeon
  6634 | D:5      | Reached skill level 1 in Stealth
  7719 | D:5      | Noticed Duvessa
  7720 | D:5      | Noticed Dowan
  7747 | D:5      | Mangled by an ogre

Illustrated notes

Levels and vault maps discovered:
D:1:      erik_arrival_triangle_small, layout_rooms, minmay_crystal_room
D:2:      layout_rooms
D:3:      layout_loops_corners, uniq_ijyb
D:4:      layout_loops_corners, hex_medium, kennysheep_dice, uniq_edmund,
          uniq_sigmund
D:5:      layout_basic, uniq_duvessa

Skill      XL: |  1  2  3  4  5  6  7  8 |
---------------+-------------------------+-----
Armour         | 4 5 6 7 |  7.7
Long Blades    | 3 |  3.2
Shields        | 4 5 |  5.4
Fighting       | 4 5 6 |  6.0
Short Blades   | 1 2 3 4 5 6 |  6.4
Dodging        | 1 2 |  2.2
Stealth        | 1 |  1.1

Action                   |  1- 3 |  4- 6 |  7- 9 || total
-------------------------+-------+-------+-------++-------
Melee: Long sword        |    17 |       |       ||    17
       Headbutt          |    12 |    20 |    18 ||    50
       Short sword       |    50 |   169 |   112 ||   331
Evoke: Wand              |       |       |     3 ||     3
  Use: Scroll            |     1 |     2 |     3 ||     6
       Potion            |       |     1 |     3 ||     4
Armor: Scale mail        |    38 |    66 |    49 ||   153
Dodge: Dodged            |    39 |    53 |    50 ||   142
Block: Buckler           |    22 |    30 |    21 ||    73
